 Dungeon Crawl Stone Soup version 0.29-a0-1061-gbc57f8fbdb (webtiles) character file.

Game seed: 15746601535828981969

63 Ijustatesigmund the Grave Robber (level 3, 0/20 HPs)
             Began as a Deep Elf Necromancer on Aug 18, 2022.
             Slain by a gnoll
             ... wielding a +0 spear
              (5 damage)
             ... on level 2 of the Dungeon.
             The game lasted 00:05:38 (2063 turns).

Ijustatesigmund the Grave Robber (DENe)             Turns: 2063, Time: 00:05:38

Health: 0/20       AC:  2    Str:  5    XL:     3   Next: 89%
Magic:  10/10      EV:  6    Int: 21    God:
Gold:   97         SH:  0    Dex: 15    Spells: 6/10 levels left

rFire   . . .      SeeInvis +   d - +1 short sword (protect)
rCold   . . .      Faith    .   (no shield)
rNeg    . . .      Spirit   .   a - +0 robe
rPois   .          Reflect  .   (no helmet)
rElec   .          Harm     .   (no cloak)
rCorr   .          Rampage  .   (no gloves)
Will    .....                   (no boots)
Stlth   ++........              (no amulet)
HPRegen 0.06/turn               g - ring of see invisible
MPRegen 0.12/turn               (no ring)

@: held
A: no striking features
a: no special abilities


You were on level 2 of the Dungeon.
You visited 1 branch of the dungeon, and saw 2 of its levels.

You collected 97 gold pieces.

Inventory:

Hand Weapons
 d - a +1 short sword of protection (weapon)
 i - a +1 morningstar of protection
Missiles
 e - 4 datura-tipped darts
Armour
 a - a +0 robe (worn)
Magical Staves
 f - a staff of air
Jewellery
 g - a ring of see invisible (left hand)
Scrolls
 c - a scroll of identify
Potions
 b - a potion of magic
 h - a potion of curing


   Skills:
 + Level 0.5 Fighting
 + Level 0.5 Short Blades
 - Level 2.4 Dodging
 - Level 2.4 Stealth
 + Level 4.3 Spellcasting
 + Level 5.7 Necromancy


You had 6 spell levels left.
You knew the following spells:

 Your Spells              Type           Power      Damage    Failure   Level
a - Necrotise             Necr           100%       1d9       1%          1
b - Vampiric Draining     Necr           28%        2d8       3%          3

Your spell library contained the following spells:

 Spells                   Type           Power      Damage    Failure   Level
 Animate Dead             Necr           28%        N/A       11%         4
 Static Discharge         Conj/Air       4%         3-4/arc   17%         2
 Agony                    Necr           28%        N/A       30%         5
 Lightning Bolt           Conj/Air       2%         1d13      97%         5
 Maxwell's Capacitive Co  Air            2%         ∞         100%        8


Dungeon Overview and Level Annotations

Branches:
Dungeon (2/15)

Altars:

Shops:
D:2 :[


Message History

Aiming: Necrotise (safe; 1% risk of failure)
Press: ? - help, Shift-Dir - straight line, f/p - gnoll
Aim: a gnoll, wielding a +0 club and quivering a throwing net (chance to affect: 88%)
The gnoll writhes in agony!
The gnoll throws a throwing net.
The throwing net hits you.
You become entangled in the net!
Casting: Necrotise (safe; 1% risk of failure)
Confirm with . or Enter, or press ? or * to list all spells.
Aiming: Necrotise (safe; 1% risk of failure)
Press: ? - help, Shift-Dir - straight line, f/p - gnoll
Aim: a gnoll, wielding a +0 club (heavily wounded, chance to affect: 88%)
The gnoll writhes in agony.
Casting: Necrotise (safe; 1% risk of failure)
Confirm with . or Enter, or press ? or * to list all spells.
Aiming: Necrotise (safe; 1% risk of failure)
Press: ? - help, Shift-Dir - straight line, f/p - gnoll
Aim: a gnoll, wielding a +0 club (almost dead, chance to affect: 88%)
The gnoll writhes in agony.
You kill the gnoll!
The dead are walking!
The gnoll hits your gnoll skeleton with a +0 flail!
Casting: Necrotise (safe; 1% risk of failure)
Confirm with . or Enter, or press ? or * to list all spells.
Aiming: Necrotise (safe; 1% risk of failure)
Press: ? - help, Shift-Dir - straight line, f - gnoll
Aim: a gnoll, wielding a +0 club (chance to affect: 88%)
The gnoll writhes in agony.
The gnoll hits you with a +0 club.
The gnoll hits you from afar with a +0 spear.
Casting: Necrotise (safe; 1% risk of failure)
Confirm with . or Enter, or press ? or * to list all spells.
Aiming: Necrotise (safe; 1% risk of failure)
Press: ? - help, Shift-Dir - straight line, f/p - gnoll
Aim: a gnoll, wielding a +0 club (lightly wounded, chance to affect: 88%)
The gnoll writhes in agony.
Your gnoll skeleton hits the gnoll but does no damage.
The gnoll hits you from afar with a +0 spear.
* * * LOW HITPOINT WARNING * * *
Okay, then.
Magic courses through your body.
Your gnoll skeleton misses the gnoll.
The gnoll hits you from afar with a +0 spear.
You die...

#.# #.# #.# #.# #.###+###
##.# #.##....# ...# #.##....#
#### ## #### #.##....# #..
... #.##....# #.# ....
######.##....###.# .....
.........#.......#gZ....
##########......@)g.)...
#......g############
##########..(....#######....#
...........##.........##.##.#
.############.........##.##.#
............+.........'.>##.#
.....########.........##.##.#
####.# #.........##....#
####.# ############.##.#


You could see 3 gnolls and a friendly gnoll skeleton.

Vanquished Creatures
  A gnoll (D:2)
  An adder (D:2)
  A dart slug (D:1)
  6 ball pythons
  3 bats
  5 endoplasms
  6 goblins
  4 hobgoblins (D:1)
  5 quokkas
  3 frilled lizards
  2 kobolds
  2 rats (D:1)
39 creatures vanquished.

Notes
Turn   | Place    | Note
-------+----------+-------------------------------------------
     0 | D:1      | Ijustatesigmund the Deep Elf Necromancer began the quest
                  | for the Orb.
     0 | D:1      | Reached XP level 1. HP: 10/10 MP: 6/6
    70 | D:1      | Reached skill level 5 in Necromancy
   352 | D:1      | Reached XP level 2. HP: 15/15 MP: 3/8
   995 | D:1      | Reached XP level 3. HP: 19/19 MP: 8/10
   999 | D:1      | Learned a level 3 spell: Vampiric Draining
  1608 | D:2      | Found Gaots's Vocational Training.
  1656 | D:2      | Found Kepraz's Antique Armour Shop.
  1953 | D:2      | Found a faded altar of an unknown god.
  2063 | D:2      | Slain by a gnoll

Illustrated notes

Levels and vault maps discovered:
D:1:      scummos_arrival_forest, layout_basic
D:2:      layout_basic, serial_shops, shop_fountains, basic_ecumenical_altar,
          nicolae_shop_vocational

Skill      XL: |  1  2 |
---------------+-------+-----
Necromancy     | 5 |  5.7
Spellcasting   | 4 |  4.3
Fighting       | |  0.5
Short Blades   | |  0.5
Dodging        | |  2.4
Stealth        | |  2.4

Action                   || total
-------------------------++-------
Melee: Short sword       ||    11
 Cast: Necrotise         ||    59
  Use: Scroll            ||     2
       Potion            ||     1
Armor: Robe              ||     4
Dodge: Dodged            ||     8

Table legend: (Time is in decaauts)
 A = Elapsed time spent in this place.
 B = Non-inter-level travel time spent in this place.
 C = Inter-level travel time spent in this place.
 D = Time resting spent in this place.
 E = Time spent auto-exploring this place.
 F = Levels seen in this place.
 G = Mean time per level.
                   A        B        C        D        E       F      G
               +--------+--------+--------+--------+--------+-----+--------+
         Total |   2061 |   2037 |     24 |    299 |   1525 |   2 | 1030.5 |
       Dungeon |   2061 |   2037 |     24 |    299 |   1525 |   2 | 1030.5 |
               +--------+--------+--------+--------+--------+-----+--------+

Top non-repeatable levels by time:
     D:1: 1437 daAuts
     D:2: 623 daAuts
